 Dungeon Crawl Stone Soup version 0.28.0-1-gb440e238dd (webtiles) character file.

Game seed: 3856138378150057700

63 Bearnado the Skirmisher (level 3, 0/34 HPs)
             Began as a Minotaur Berserker on Feb 25, 2022.
             Was a Believer of Trog.
             Succumbed to an adder's poison
             ... on level 2 of the Dungeon.
             The game lasted 00:03:30 (374 turns).

Bearnado the Skirmisher (Minotaur Berserker)         Turns: 374, Time: 00:03:31

Health: 0/34       AC:  2    Str: 23    XL:     3   Next: 89%
Magic:  2/2        EV: 12    Int:  4    God:    Trog [**....]
Gold:   8          SH:  0    Dex:  9    Spells: 2/2 levels left

rFire   + . .      SeeInvis .   a - +0 spear
rCold   + . .      Faith    .   (no shield)
rNeg    . . .      Spirit   .   g - +0 robe {rC+ rF+}
rPois   .          Reflect  .   (helmet restricted)
rElec   .          Harm     .   d - scarf {+Inv}
rCorr   .          Rampage  .   (no gloves)
Will    .....                   (no boots)
Stlth   +.........              (no amulet)
HPRegen 0.11/turn               (no ring)
MPRegen 0.08/turn               (no ring)

@: lethally poisoned (0 -> -1), on berserk cooldown
A: horns 2, retaliatory headbutt
a: Renounce Religion, Evoke Invisibility, Berserk, Trog's Hand


You were on level 2 of the Dungeon.
You worshipped Trog.
Trog was pleased with you.
You visited 1 branch of the dungeon, and saw 2 of its levels.

You collected 8 gold pieces.

Inventory:

Hand Weapons
 a - a +0 spear (weapon)
Armour
 b - a +0 animal skin
 d - a scarf of invisibility (worn)
 g - a +0 robe of resistance (worn)
Scrolls
 c - a scroll of teleportation {unknown}
 e - a scroll of identify {unknown}
Potions
 f - a potion of magic {unknown}


   Skills:
 + Level 4.6 Fighting
 + Level 4.6 Polearms
 + Level 2.8 Armour
 + Level 2.5 Dodging


You had 2 spell levels left.
You didn't know any spells.
Your spell library was empty.

Dungeon Overview and Level Annotations

Branches:
Dungeon (1/15)

Altars:


Innate Abilities, Weirdness & Mutations

You have a pair of horns on your head.
You reflexively headbutt those who attack you in melee.


Message History

You feel yourself speed up.
You finish taking off your +0 animal skin.
You start putting on your armour.
You continue putting on your +0 robe of resistance. x5
The adder hisses angrily.
You finish putting on your +0 robe of resistance.
You feel resistant to extremes of temperature.
Things that are here:
a +0 whip; a kobold corpse You reach to attack!
You hit the adder but do no damage. The adder bites you.
You are poisoned.
The adder poisons you!
You are too injured to fight recklessly!
You are too injured to fight recklessly!
You miss the adder.
You feel sick. The adder bites you but does no damage.
You miss the adder. Your headbutt misses the adder.
You feel sick. The adder closely misses you.
You barely miss the adder. Your headbutt misses the adder.
You feel sick. The adder bites you.
You are more poisoned.
The adder poisons you!
You barely miss the adder. Your headbutt misses the adder.
You feel sick. The adder bites you but does no damage.
You hit the adder.
The adder is moderately wounded.
You feel sick. The adder misses you.
You hit the adder. Your headbutt misses the adder.
The adder is severely wounded.
You feel sick. The adder bites you but does no damage.
You closely miss the adder. Your headbutt misses the adder.
The adder is severely wounded.
You feel sick. The adder bites you.
* * * LOW HITPOINT WARNING * * *
You hit the adder but do no damage. Your headbutt misses the adder.
The adder is severely wounded.
You feel sick. The adder bites you.
* * * LOW HITPOINT WARNING * * *
You miss the adder.
The adder is severely wounded.
You die...

#####.............)
...........†....#
##..............###
...................
#......†.)........
#>.....)...###.##.
##.....†....# ..#
#.....†S....# .#
#......@....# .
#.....).....#
#..####)##.##
..#...).....# .
#.....†...#
#.........#
#.........#
#.........#
#.........#


You could see an adder.

Vanquished Creatures
  Jessica (D:2)
  An adder (D:2)
  A worm (D:2)
  2 dart slugs
  2 endoplasms
  A giant cockroach (D:2)
  2 goblins
  2 hobgoblins (D:2)
  A ball python (D:1)
  2 bats (D:1)
  5 kobolds
  5 rats
25 creatures vanquished.

Notes
Turn   | Place    | Note
-------+----------+-------------------------------------------
     0 | D:1      | Bearnado the Minotaur Berserker began the quest for the
                  | Orb.
     0 | D:1      | Reached XP level 1. HP: 19/19 MP: 0/0
   189 | D:1      | Found a faded altar of an unknown god.
   256 | D:1      | Reached XP level 2. HP: 25/27 MP: 1/1
   299 | D:1      | You fall into a shaft and drop 1 floor!
   305 | D:2      | Noticed Jessica
   315 | D:2      | Killed Jessica
   316 | D:2      | Reached XP level 3. HP: 34/34 MP: 2/2
   328 | D:2      | Reached ** piety under Trog
   373 | D:2      | HP: 1/34 [adder (3)]
   374 | D:2      | Succumbed to an adder's poison

Illustrated notes

Levels and vault maps discovered:
D:1:      lemuel_arrival_hallway, layout_basic, basic_ecumenical_altar
D:2:      layout_rooms, uniq_natasha, uniq_jessica

Skill      XL: |  1  2 |
---------------+-------+-----
Fighting       | 4 |  4.6
Polearms       | 4 |  4.6
Armour         | |  2.8
Dodging        | |  2.5

Action                   || total
-------------------------++-------
Melee: Spear             ||    59
       Headbutt          ||     8
Invok: Berserk           ||     2
Armor: Animal skin       ||     5
       Robe              ||     3
Dodge: Dodged            ||    18
